 Dungeon Crawl Stone Soup version 0.22-a0-880-gb7b0c8b (webtiles) character file.

17 Amnesiac the Magician (level 2, 0/19 HPs)
             Began as a Mummy Fire Elementalist on July 30, 2018.
             Slain by an adder (5 damage)
             ... on level 2 of the Dungeon.
             The game lasted 00:01:33 (520 turns).

Amnesiac the Magician (Mummy Fire Elementalist)      Turns: 520, Time: 00:01:34

Health: 0/19       AC:  3    Str: 11    XL:     2   Next: 44%
Magic:  2/6        EV: 12    Int: 14    God:
Gold:   29         SH:  0    Dex: 12    Spells: 7/7 levels left

rFire    x . .     SeeInvis .   e - +2 mace (venom)
rCold    + . .     Gourm    .   (no shield)
rNeg     + + +     Faith    .   a - +1 robe
rPois    ∞         Spirit   .   (no helmet)
rElec    .         Reflect  .   (no cloak)
rCorr    .         Harm     .   (no gloves)
MR       .....                  (no boots)
Stlth    ++........             (no amulet)
HPRegen  0.06/turn              (no ring)
MPRegen  0.10/turn              (no ring)

@: no status effects
A: no food or potions, fire vulnerability, cold resistance 1, negative energy
resistance 3, torment resistance, unbreathing
a: no special abilities


You were on level 2 of the Dungeon.
You were not hungry.

You visited 1 branch of the dungeon, and saw 2 of its levels.

You collected 29 gold pieces.

Inventory:

Hand Weapons
 e - a +2 mace of venom (weapon)
Armour
 a - a +1 robe (worn)


   Skills:
 + Level 0.0 Fighting
 - Level 1.5 Dodging
 - Level 1.5 Stealth
 - Level 3.0 Spellcasting
   Level 1.5 Conjurations
   Level 2.6 Fire Magic


You had 7 spell levels left.
You didn't know any spells.
Your spell library contained the following spells:

 Spells                   Type           Power        Failure   Level  Hunger
 Fireball                 Conj/Fire      #.........   94%         5    N/A
 Conjure Flame            Conj/Fire      #.......     26%         3    N/A
 Throw Flame              Conj/Fire      #.....       14%         2    N/A
 Sticky Flame             Conj/Fire      #.......     65%         4    N/A
 Flame Tongue             Conj/Fire      #....        9%          1    N/A
 Inner Flame              Hex/Fire       #.......     36%         3    N/A

Dungeon Overview and Level Annotations

Branches:
Dungeon (2/15)

Altars:


Innate Abilities, Weirdness & Mutations

You do not eat or drink.
Your flesh is vulnerable to fire.
You are immune to poison.
Your flesh is cold resistant. (rC+)
You are immune to negative energy. (rN+++)
You are immune to unholy pain and torment.
You can survive without breathing.


Message History

Aim: an adder The flame tongue misses the adder.
Casting: Flame Tongue (safe; 9% risk of failure)
Confirm with . or Enter, or press ? or * to list all spells.
Aiming: Flame Tongue (safe; 9% risk of failure)
Press: ? - help, Shift-Dir - straight line, f/p - adder
Aim: an adder The flame tongue misses the adder.
The kobold throws a stone.
The stone barely misses you. The adder misses you.
Casting: Flame Tongue (safe; 9% risk of failure)
Confirm with . or Enter, or press ? or * to list all spells.
You don't have enough magic to cast that spell.
Casting: Flame Tongue (safe; 9% risk of failure)
Confirm with . or Enter, or press ? or * to list all spells.
You don't have enough magic to cast that spell.
Casting: Flame Tongue (safe; 9% risk of failure)
Confirm with . or Enter, or press ? or * to list all spells.
You don't have enough magic to cast that spell.
The kobold throws a stone.
The stone hits you.
You see here 3 stones.
The adder barely misses you.
There is a stone staircase leading up here.
The adder bites you but does no damage.
Really read
d - a scroll labeled WIRRIOPREM {!r}?
As you read the scroll labeled WIRRIOPREM {!r}, it crumbles to dust.
It is a scroll of amnesia.
Your memory of Flame Tongue unravels.
The adder bites you.
You stop training Conjurations and Fire Magic.
You need to enable at least one skill for training.
The adder barely misses you.
Really read
b - a scroll labeled SYFFUKLUDOOLE {!r}?
As you read the scroll labeled SYFFUKLUDOOLE {!r}, it crumbles to dust.
It is a scroll of enchant armour.
Your +0 robe glows green for a moment.
The adder barely misses you.
Really read
c - a scroll labeled HADUCEOPUZ {!r}?
As you read the scroll labeled HADUCEOPUZ {!r}, it crumbles to dust.
It is a scroll of identify.
e - a +2 mace of venom The adder barely misses you.
Wield which item (- for none, * to show all)? (? for menu, Esc to quit)
Your +2 mace of venom begins to drip with poison!
e - a +2 mace of venom (weapon)
The adder closely misses you.
You closely miss the adder. The adder closely misses you. The adder misses you.
You hit the adder.
The adder is poisoned.
The adder is lightly wounded.
The adder barely misses you. x2
You completely miss the adder.
The adder is lightly wounded.
The adder bites you.
You barely miss the adder.
The adder is lightly wounded.
The adder bites you. x2
* * * LOW HITPOINT WARNING * * *
You closely miss the adder.
The adder is lightly wounded.
The adder bites you but does no damage. The adder closely misses you.
You miss the adder.
The adder is moderately wounded.
The adder barely misses you. The adder bites you.
* * * LOW HITPOINT WARNING * * *
Your magical contamination has completely faded away.
The adder bites you.
You die...

............... ....
............... ....
#........$....#
##.#.. #...........
##..... ###...†...#
###...#
.........####.....##
........(.<.K......#
....$....#####S....#
.......†.####@...[.#
....<..............#
##.......#####.....#
#.......# #.....#
#....%..# #######
.........#
##[......# #..######
..


You could see an adder.

Vanquished Creatures
  A dart slug (D:2)
  3 giant cockroaches
  A hobgoblin (D:1)
  2 kobolds (D:1)
  5 bats
  A frilled lizard (D:1)
  A rat (D:2)
14 creatures vanquished.

Notes
Turn   | Place    | Note
-------+----------+-------------------------------------------
     0 | D:1      | Amnesiac the Mummy Fire Elementalist began the quest for the Orb.
     0 | D:1      | Reached XP level 1. HP: 13/13 MP: 4/4
    74 | D:1      | Reached skill level 3 in Spellcasting
   131 | D:1      | Reached skill level 1 in Conjurations
   195 | D:1      | Reached XP level 2. HP: 19/19 MP: 3/6
   520 | D:2      | Slain by an adder

Vault maps used:
D:1:      dpeg_arrival_chase
D:2:      nicolae_overflow_hidden_temple, lemuel_doored_altar, first_ration,
          chequers_ecumenical_altar_island, uniq_natasha, uniq_jessica

Skill      XL: |  1 |
---------------+----+-----
Spellcasting   | 3 |  3.0
Conjurations   | 1 |  1.5
Dodging        | |  1.5
Stealth        | |  1.5
Fire Magic     | |  2.6

Action                   || total
-------------------------++-------
Melee: Mace              ||     6
       Unarmed           ||     6
 Cast: Flame Tongue      ||    32
  Use: Scroll            ||     3
Armor: Robe              ||    15
Dodge: Dodged            ||    38

Table legend:
 A = Spawn XP
 B = Non-spawn XP
 C = Spawn XP percentage of total XP
 D = Spawn monster count
 E = Non-spawn monster count
 F = Spawn count percentage of total count
 G = Total turns spent on level
                    A         B        C        D         E        F      G
               +---------+---------+-------+---------+---------+-------+---------
         Total |       0 |      25 |   0.0 |       0 |      14 |   0.0 |   520
               +---------+---------+-------+---------+---------+-------+---------
           D:1 |       0 |      16 |   0.0 |       0 |      10 |   0.0 |   279
           D:2 |       0 |       9 |   0.0 |       0 |       4 |   0.0 |   241
               +---------+---------+-------+---------+---------+-------+---------
